 Dungeon Crawl Stone Soup version 0.24.0-10-g970556be89 (webtiles) character file.

Game seed: 6091844480295661792, levelgen mode: deterministic

2375 Mesmaeker13 the Destroyer (level 9, -3/51 HPs)
             Began as an Octopode Conjurer on Nov 3, 2019.
             Was a Believer of Zin.
             Slain by a hippogriff (9 damage)
             ... on level 8 of the Dungeon.
             The game lasted 00:13:15 (9186 turns).

Mesmaeker13 the Destroyer (Octopode Conjurer)       Turns: 9186, Time: 00:13:16

Health: -3/51      AC:  1    Str:  8    XL:     9   Next: 45%
Magic:  29/39      EV: 17    Int: 20    God:    Zin [**....]
Gold:   324        SH:  0    Dex: 12    Spells: 7/17 levels left

rFire    + . .     SeeInvis +   d - staff of power
rCold    . . .     Gourm    .   (no shield)
rNeg     . . .     Faith    .   (helmet restricted)
rPois    .         Spirit   .   (no amulet)
rElec    .         Reflect  .   c - ring of stealth
rCorr    .         Harm     .   j - ring of stealth
MR       .....                  l - ring of see invisible
Stlth    +++++.....             g - ring of protection from fire
HPRegen  0.17/turn              t - ring of magical power
MPRegen  0.26/turn              D - ring of flight
                                (no ring)
                                (no ring)

@: no status effects
A: almost no armour, stealthy swim, amphibious, 8 rings, constrict 8, camouflage
1, gelatinous body 1
a: Recite, Vitalisation, Donate Gold, Renounce Religion, Evoke Flight


You were on level 8 of the Dungeon.
You worshipped Zin.
Zin was pleased with you.
You were not hungry.

You visited 1 branch of the dungeon, and saw 8 of its levels.

You collected 360 gold pieces.
You donated 36 gold pieces to Zin.

Inventory:

Hand Weapons
 y - a +1 short sword of draining
 z - a cursed +3 spear of freezing
Missiles
 m - 38 poisoned darts (quivered)
Magical Staves
 d - an uncursed staff of power (weapon)
 x - an uncursed staff of death
Jewellery
 c - a ring of stealth (left tentacle)
 g - a ring of protection from fire (on tentacle)
 j - a ring of stealth (right tentacle)
 l - a ring of see invisible (on tentacle)
 t - a ring of magical power (on tentacle)
 D - a ring of flight (on tentacle)
Scrolls
 f - a scroll of magic mapping
 h - 2 scrolls of fog {unknown}
 k - 4 scrolls of teleportation
 o - a scroll of torment {unknown}
 p - a scroll of remove curse
 q - a scroll of immolation {unknown}
 r - 3 scrolls of fear
 B - a scroll of noise {unknown}
Potions
 a - 3 potions of heal wounds
 e - 2 potions of curing
 i - 2 potions of lignification
 n - 2 potions of might {unknown}
 s - a potion of ambrosia {unknown}
 u - a potion of flight {unknown}
 v - a potion of magic {unknown}
 w - a potion of mutation {unknown}
 C - 2 potions of brilliance {unknown}
Comestibles
 b - 10 rations


   Skills:
 + Level 7.4 Dodging
 - Level 2.6 Stealth
 - Level 4.5 Spellcasting
 + Level 8.2 Conjurations
 + Level 5.4 Hexes


You had 7 spell levels left.
You knew the following spells:

 Your Spells              Type           Power        Failure   Level  Hunger
a - Magic Dart            Conj           ####         1%          1    None
b - Searing Ray           Conj           #####.       1%          2    #......
c - Dazzling Spray        Conj/Hex       ####..       2%          3    ##.....
d - Fulminant Prism       Conj/Hex       ####......   8%          4    ####...

Your spell library contained the following spells:

 Spells                   Type           Power        Failure   Level  Hunger
 Flame Tongue             Conj/Fire      ###..        2%          1    None
 Throw Flame              Conj/Fire      ###...       3%          2    #......
 Iskenderun's Mystic Bla  Conj           #####...     4%          4    ####...
 Conjure Flame            Conj/Fire      ###.....     7%          3    ##.....
 Inner Flame              Hex/Fire       ###.....     12%         3    ##.....
 Force Lance              Conj/Tloc      ###.....     22%         4    ####...
 Sticky Flame             Conj/Fire      ###.....     22%         4    ####...
 Fireball                 Conj/Fire      ###.......   52%         5    ######.


Dungeon Overview and Level Annotations

Branches:
Dungeon (8/15)             Temple (0/1) D:7
   Lair: D:8-11

Altars:
Dithmenos
Nemelex Xobeh
Okawaru
Qazlal
Ru
Uskayaw
Zin

Shops:
D:8 =

Annotations:
D:4 3 runed translucent doors, Esekla's ghost, amateur BaEn; Esekla's ghost, amateur FoWn; Gobbopathe's ghost, amateur FeWn; XiaXia's ghost, amateur MiMo


Innate Abilities, Weirdness & Mutations

You cannot wear most types of armour.
You are very stealthy in the water. (Stealth+)
You are amphibious.
You can wear up to eight rings at the same time.
You can use your tentacles to constrict eight enemies at once.
Your skin changes colour to match your surroundings (Stealth+).
Your rubbery body absorbs attacks. (AC +1, EV +1)


Message History

Unknown command.
Casting: Searing Ray (safe; 1% risk of failure)
Confirm with . or Enter, or press ? or * to list all spells.
Okay, then.
Casting: Searing Ray (safe; 1% risk of failure)
Confirm with . or Enter, or press ? or * to list all spells.
Aiming: Searing Ray (safe; 1% risk of failure)
Press: ? - help, Shift-Dir - straight line, f/p - hippogriff
Aim: a hippogriff (severely wounded)
The searing ray misses the hippogriff. (Press . to maintain the ray.)
The hippogriff closely misses you. The hippogriff pecks you!
* * * LOW HITPOINT WARNING * * *
The hippogriff misses you.
The searing ray hits the hippogriff.
The hippogriff is severely wounded.
The hippogriff bites you! Zin protects you from harm! The hippogriff pecks you!
You die...

............ .
#...)...?..# ..
#....... ... ..
#..##.##.... ..
###..<.......# #.
##....⌠.⌠##...
##.#..#......∩.#..
#..........>⌠.⌠.....#
#....#..#@..#..#.....
##....###H.######....
#.... #...# ....
..... /....# ...
..... ...h.. .. ....
.......#
..........###
...##..#


You could see a hippogriff and a warg.

Vanquished Creatures
  A hungry ghost (D:5)
  A steam dragon (D:7)
  An orc warrior (D:7)
  A sky beast (D:5)
  A phantom (D:7)
  6 ogres
  2 centaurs
  A bullfrog (D:8)
  A water moccasin zombie (D:5)
  A scorpion (D:6)
  A water moccasin skeleton (D:7)
  3 wights (D:7)
  2 howler monkeys
  4 crimson imps
  5 hounds
  A gnoll shaman (D:6)
  A jelly (D:5)
  An orc wizard (D:6)
  2 orc priests
  3 worker ants
  9 gnolls
  6 adders
  2 adder skeletons
  3 worms
  A leopard gecko (D:7)
  14 orcs
  4 bats
  7 giant cockroaches
  5 goblins
  10 hobgoblins
  6 jackals
  8 quokkas
  2 frilled lizards (D:5)
  A giant cockroach zombie (D:5)
  2 jackal skeletons
  3 kobolds
  3 quokka zombies
  3 rats
128 creatures vanquished.

Vanquished Creatures (others)
  6 fulminant prisms
6 creatures vanquished.

Grand Total: 134 creatures vanquished

Notes
Turn   | Place    | Note
-------+----------+-------------------------------------------
     0 | D:1      | Mesmaeker13 the Octopode Conjurer began the quest for the
                  | Orb.
     0 | D:1      | Reached XP level 1. HP: 11/11 MP: 3/3
   362 | D:1      | Reached XP level 2. HP: 17/17 MP: 3/5
  1263 | D:2      | Reached XP level 3. HP: 17/21 MP: 0/6
  1637 | D:2      | Learned a level 2 spell: Searing Ray
  2821 | D:3      | Reached XP level 4. HP: 27/27 MP: 8/8
  3335 | D:4      | Noticed an ogre
  3342 | D:4      | Killed an ogre
  3342 | D:4      | Reached skill level 5 in Conjurations
  3342 | D:4      | Reached XP level 5. HP: 31/31 MP: 10/10
  3715 | D:4      | Reached XP level 6. HP: 36/36 MP: 11/11
  4243 | D:4      | Found a runed translucent gate.
  4243 | D:4      | Noticed Gobbopathe's ghost (amateur FeWn)
  4244 | D:4      | Found a runed translucent gate.
  4285 | D:4      | Found a runed translucent gate.
  4286 | D:4      | Noticed Esekla's ghost (amateur FoWn)
  4287 | D:4      | Noticed XiaXia's ghost (amateur MiMo)
  4287 | D:4      | Noticed Esekla's ghost (amateur BaEn)
  4605 | D:4      | Reached XP level 7. HP: 38/41 MP: 13/13
  4732 | D:5      | Entered Level 5 of the Dungeon
  4809 | D:5      | Reached skill level 6 in Conjurations
  4820 | D:5      | Learned a level 3 spell: Dazzling Spray
  4857 | D:5      | Noticed a hungry ghost
  4867 | D:5      | Killed a hungry ghost
  4867 | D:5      | Reached skill level 5 in Dodging
  4867 | D:5      | Reached skill level 1 in Hexes
  5542 | D:5      | Reached XP level 8. HP: 46/46 MP: 14/14
  6815 | D:6      | Found an iron altar of Okawaru.
  6853 | D:6      | Reached skill level 7 in Conjurations
  7678 | D:6      | Found a stormy altar of Qazlal.
  7678 | D:6      | Found a sparkling altar of Nemelex Xobeh.
  7678 | D:6      | Found a shadowy altar of Dithmenos.
  7686 | D:6      | Learned a level 4 spell: Fulminant Prism
  7703 | D:6      | Found a hide-covered altar of Uskayaw.
  7704 | D:6      | Found a sacrificial altar of Ru.
  7707 | D:6      | Found a glowing silver altar of Zin.
  8143 | D:7      | Reached XP level 9. HP: 42/51 MP: 15/15
  8209 | D:7      | Found a staircase to the Ecumenical Temple.
  8308 | D:6      | Became a worshipper of Zin the Law-Giver
  8308 | D:6      | Reached * piety under Zin
  8535 | D:7      | Reached skill level 8 in Conjurations
  8577 | D:7      | Reached skill level 5 in Hexes
  8876 | D:7      | Reached ** piety under Zin
  9136 | D:8      | Found Plog's Jewellery Shoppe.
  9186 | D:8      | Zin protects you from harm!
  9186 | D:8      | Slain by a hippogriff

Levels and vault maps discovered:
D:1:      matt_arrival_spirals, layout_rooms, kennysheep_boxes
D:2:      layout_loops_ring, first_ration, kennysheep_generic_room_13
D:3:      layout_basic
D:4:      layout_basic, gammafunk_ghost_cemetery, kennysheep_generic_room_6
D:5:      minmay_angry_zag, layout_basic
D:6:      layout_loops_ring, grunt_temple_overflow_open, okawaru_trees_2
D:7:      layout_cave_pools, minmay_temple_entry_slanted
D:8:      lemuel_castle_with_subvaults [lemuel_castle_interior_carwin_3],
          layout_cave_pools, dpeg_lair_monsters, serial_shops, shop_fountains,
          kennysheep_just_a_vault

Skill      XL: |  1  2  3  4  5  6  7  8  9 |
---------------+----------------------------+-----
Dodging        | 3 4 5 6 7 |  7.4
Spellcasting   | 3 4 |  4.5
Conjurations   | 5 6 7 8 |  8.2
Hexes          | 2 4 5 |  5.4
Stealth        | |  2.6

Action                   |  1- 3 |  4- 6 |  7- 9 || total
-------------------------+-------+-------+-------++-------
Melee: Unarmed           |    33 |       |       ||    33
       Constrict         |    12 |     4 |     3 ||    19
       Tentacles         |     8 |     3 |     4 ||    15
       Staff             |     1 |     9 |    21 ||    31
 Cast: Magic Dart        |    66 |    31 |   115 ||   212
       Searing Ray       |       |     8 |    42 ||    50
       Fulminant Prism   |       |       |     6 ||     6
       Dazzling Spray    |       |       |     1 ||     1
  Use: Scroll            |     1 |     5 |     5 ||    11
 Stab: Sleeping          |     3 |     1 |     2 ||     6
  Eat: Chunk             |     6 |     5 |     8 ||    19
       Ration            |       |       |     3 ||     3
Armor: Skin              |     4 |     1 |     4 ||     9
Dodge: Dodged            |    23 |    14 |    73 ||   110
